 Dungeon Crawl Stone Soup version 0.31.0-11-ge490571c62 (webtiles) character file.

Game seed: 9449128330355311047

51 qw the Shooter (level 3, -5/20 HPs)
             Began as a Deep Elf Hunter on Feb 4, 2024.
             Killed by divine providence
             ... invoked by an orc priest
              (13 damage)
             ... on level 3 of the Dungeon.
             The game lasted 00:00:04 (918 turns).

qw the Shooter (Deep Elf Hunter)                     Turns: 918, Time: 00:00:04

Health: -5/20      AC:  5    Str: 10    XL:     3   Next: 58%
Magic:  5/5        EV: 11    Int: 13    God:
Gold:   56         SH:  0    Dex: 18    Spells: 2/2 levels left

rFire   . . .        a - +1 shortbow
rCold   . . .        (shield currently unavailable)
rNeg    . . .        d - +0 ring mail
rPois   .            (no helmet)
rElec   .            (no cloak)
rCorr   .            (no gloves)
SInv    .            (no boots)
Will    .....        (no amulet)
Stlth   +            (no ring)
HPRegen 0.23/turn    (no ring)
MPRegen 0.09/turn

%: no passive effects
@: no status effects
A: no striking features
a: no special abilities


You were on level 3 of the Dungeon.
You visited 1 branch of the dungeon, and saw 4 of its levels.

You collected 56 gold pieces.


   Skills:
 - Level 1.5 Fighting
 + Level 7.1 Ranged Weapons
 - Level 2.4 Dodging
 - Level 1.2 Stealth


You had 2 spell levels left.
You didn't know any spells.
Your spell library was empty.

Inventory:

Hand Weapons
 a - a +1 shortbow (weapon)
Armour
 d - a +0 ring mail (worn)
Jewellery
 b - a +6 ring of strength
Potions
 e - a potion of curing {unknown}
 g - a potion of enlightenment {unknown}
 j - a potion of invisibility {unknown}

Dungeon Overview and Level Annotations

Branches:
Dungeon (4/15)
 Temple: D:4-7

Altars:
Dithmenos


Message History

The orc priest is heavily wounded.
The orc hits you but does no damage.
You shoot an arrow. The arrow hits the orc.
The orc is heavily wounded.
The orc hits you but does no damage.
The orc priest looks encouraged for a moment.
You shoot an arrow. The arrow barely misses the orc.
The arrow closely misses the orc.
The orc barely misses you.
You shoot an arrow. The arrow hits the orc.
The orc is heavily wounded.
The orc closely misses you.
You shoot an arrow. The arrow hits the orc.
You kill the orc!
The adder bites you.
You shoot an arrow. The arrow closely misses the adder.
The arrow hits the orc but does no damage.
The orc is lightly wounded.
The adder bites you but does no damage.
You shoot an arrow. The arrow misses the adder.
The arrow hits the orc but does no damage.
The orc is lightly wounded.
The adder barely misses you. x2
You shoot an arrow. The arrow hits the adder.
The adder is lightly wounded.
The adder barely misses you. The adder completely misses you.
You shoot an arrow. The arrow hits the adder!
You kill the adder!
The orc priest calls down the wrath of Beogh upon you.
Beogh smites you!
Ouch! That really hurt!
The orc hits you with a +0 whip.
The orc priest begins to cast a cantrip, but forgets the words!
Your Ranged Weapons skill increases to level 7!
You shoot an arrow. The arrow barely misses the orc.
The orc barely misses you.
The orc priest calls down the wrath of Beogh upon you.
Beogh smites you!
Ouch! That really hurt!
You die...

#.........#
+<........+
.<.......
....... .....
o.. #o# ###@###
#.....#
#####.....###
..##.........
#.#......####
##.#......#
###.##.......#.#
........#.##.#.#
###.###.#......#


You could see an orc priest and an orc.

Vanquished Creatures
  2 adders
  A dart slug (D:1)
  An orc (D:3)
  4 bats (D:1)
  2 endoplasms (D:1)
  2 goblins (D:1)
  3 hobgoblins (D:1)
  2 quokkas (D:1)
  5 ball pythons
  4 frilled lizards (D:1)
  A kobold (D:1)
  5 rats (D:1)
32 creatures vanquished.

Notes
Turn   | Place    | Note
-------+----------+-------------------------------------------
     0 | D:1      | qw the Deep Elf Hunter began the quest for the Orb.
     0 | D:1      | Reached XP level 1. HP: 12/12 MP: 3/3
     0 | D:1      | 0 ||| qw: Version: 0.3-a-160-g6735b56
     0 | D:1      | 0 ||| qw: Game counter: 4585
     0 | D:1      | 0 ||| qw: Melee chars always use a shield: true
     0 | D:1      | 0 ||| qw: God list: Okawaru
     0 | D:1      | 0 ||| qw: Allow faded altars: false
     0 | D:1      | 0 ||| qw: Do Orc after clearing Dungeon:15 true
     0 | D:1      | 0 ||| qw: Do second Lair branch before Depths: true
     0 | D:1      | 0 ||| qw: Lair rune preference: random
     0 | D:1      | 0 ||| qw: Goals: Normal
     0 | D:1      | 0 ||| PLANNING D:1-11
   221 | D:1      | Reached XP level 2. HP: 12/16 MP: 4/4
   294 | D:1      | Reached skill level 6 in Ranged Weapons
   669 | D:1      | Reached XP level 3. HP: 17/20 MP: 5/5
   717 | D:1      | 717 ||| UPGRADING to +0 ring mail.
   727 | D:1      | 727 ||| DROPPING +0 leather armour.
   728 | D:1      | 728 ||| READING 2 scrolls labelled MEBAEN GILEUNI.
   729 | D:1      | 729 ||| READING scroll labelled GIHYTT OCOT.
   730 | D:1      | 730 ||| READING scroll labelled POCKAS HEORU.
   730 | D:1      | 730 ||| ENCHANTING +0 shortbow.
   731 | D:1      | 731 ||| DROPPING scroll of butterflies.
   732 | D:1      | 732 ||| DROPPING scroll of noise.
   751 | D:2      | You fall into a shaft and drop 2 floors!
   757 | D:4      | Found a shadowy altar of Dithmenos.
   918 | D:3      | Reached skill level 7 in Ranged Weapons
   918 | D:3      | Killed from afar by an orc priest

Levels and vault maps discovered:
D:1:      dpeg_arrival_arbitrary_b, layout_basic, minmay_misc_feat_alley,
          st_stairs_10, minmay_misc_feat_hallway, minmay_misc_feat_doors
D:2:      layout_basic, minmay_misc_feat_encased, grunt_decor_cap
D:3:      layout_loops_corners, grunt_ministairs_3, corner_web_ring
D:4:      layout_loops_ring, kennysheep_mini, lemuel_doored_altar,
          minmay_temple_entry_statues_pillars, uniq_ijyb, uniq_pikel

Skill      XL: |  1  2  3 |
---------------+----------+-----
Ranged Weapons | 6 7 |  7.1
Fighting       | |  1.5
Dodging        | |  2.4
Stealth        | |  1.2

Action                     || total
---------------------------++-------
   Fire: Shortbow          ||   106
    Use: Scroll            ||     3
 Armour: Leather armour    ||    20
         Ring mail         ||    11
  Dodge: Dodged            ||    23

Table legend:
 A = Non-vault XP
 B = Vault XP
 C = Vault XP percentage of total XP
 D = Non-vault monster count
 E = Vault monster count
 F = Vault count percentage of total count
                 A         B        C        D         E       F
            +---------+---------+-------+---------+---------+-------
      Total |      71 |       3 |   4.1 |      30 |       2 |   6.2
            +---------+---------+-------+---------+---------+-------
        D:1 |      39 |       3 |   7.1 |      25 |       2 |   7.4
        D:3 |      19 |       0 |   0.0 |       4 |       0 |   0.0
        D:4 |      13 |       0 |   0.0 |       1 |       0 |   0.0
            +---------+---------+-------+---------+---------+-------
